 Dungeon Crawl Stone Soup version 0.30-a0-723-gc1506a1cf0 (webtiles) character file.

Game seed: 9461569414275752199

1 iguanaiguana the Sneak (level 1, -2/18 HPs)
             Began as a Mummy Delver on Jan 28, 2023.
             Slain by a scorpion (5 damage)
             ... on level 4 of the Dungeon.
             The game lasted 00:01:33 (120 turns).

iguanaiguana the Sneak (Mummy Delver)                Turns: 120, Time: 00:01:34

Health: -2/18      AC:  3    Str: 15    XL:     1   Next: 16%
Magic:  1/1        EV: 11    Int:  9    God:
Gold:   5          SH:  0    Dex: 13    Spells: 0/0 levels left

rFire   x . .      SeeInvis .    g - +0 long sword
rCold   + . .      Faith    +    (no shield)
rNeg    + + +      Spirit   .    b - +0 leather armour
rPois   ∞          Reflect  .    (no helmet)
rElec   .          Harm     .    (no cloak)
rCorr   .          Rampage  .    (no gloves)
Will    .....                    (no boots)
Stlth   ++                       (no amulet)
HPRegen 0.23/turn                (no ring)
MPRegen 0.07/turn                (no ring)

@: no status effects
A: cold resistance 1, negative energy resistance 3, torment resistance 2, heat
vulnerability 1, no potions, faith
a: no special abilities


You were on level 4 of the Dungeon.
You visited 1 branch of the dungeon, and saw 2 of its levels.

You collected 5 gold pieces.

Inventory:

Hand Weapons
 a - a +0 short sword
 g - a +0 long sword (weapon)
Armour
 b - a +0 leather armour (worn)
Wands
 f - a wand of digging (3) {@v3}
Scrolls
 c - a scroll of fog
 d - a scroll of magic mapping {@r5}


   Skills:
 + Level 3.1 Fighting
 - Level 1.5 Short Blades
 - Level 1.5 Dodging
 - Level 4.1 Stealth


You couldn't memorise any spells.
You didn't know any spells.
Your spell library was empty.

Dungeon Overview and Level Annotations

Branches:
Dungeon (5/15) Zot: 11877
 Temple: D:4-7

Altars:

Annotations:
D:4 exclusion: ufetubus
D:5 Ijyb


Innate Abilities, Weirdness & Mutations

You are immune to poison.
Your flesh is cold resistant. (rC+)
You are immune to negative energy. (rN+++)
You are immune to unholy pain and torment.
You are vulnerable to heat. (rF-)
You do not drink.
You have a special connection with the divine. (Faith)


Message History

The jackal barks! x3; You hear a shout!
You closely miss the jackal.
Ijyb the Twisted Goblin comes into view.
She is wielding a +0 dagger and carrying a wand of flame (18).
Ijyb zaps a wand.
The puff of flame hits you! The fire burns you terribly!
Ouch! That really hurt!
* * * LOW HITPOINT WARNING * * *
There is a stone staircase leading up here.
The jackal bites you.
* * * LOW HITPOINT WARNING * * *
The jackal bites you.
* * * LOW HITPOINT WARNING * * *
You climb upwards.
Level annotation: exclusion: ufetubus
There is a stone staircase leading down here.
Okay, then.
You can't drink.
Okay, then.
As you read the scroll of fear, it crumbles to dust.
You assume a fearsome visage.
The jackal looks frightened! x2
A scorpion comes into view.
Okay, then.
You can't drink.
g - a +0 long sword (weapon)
Okay, then.
You closely miss the scorpion. The scorpion stings you.
* * * LOW HITPOINT WARNING * * *
You hit the scorpion.
The scorpion is lightly wounded.
The scorpion stings you.
* * * LOW HITPOINT WARNING * * *
You closely miss the scorpion.
The scorpion is lightly wounded.
The scorpion stings you.
* * * LOW HITPOINT WARNING * * *
You closely miss the scorpion.
The scorpion is lightly wounded.
You hit the scorpion.
The scorpion is lightly wounded.
The scorpion stings you.
You die...

##+#.##.#............
......#.##..######
###h####.###..# #..#
#.# ##.# ....# #.#
#.## ##..# #.# #..#
#..# #.# ##.# #.#
#.## #.@# ##s.# .....
###...# ...# ...#
...# #..#


You could see a scorpion.

Vanquished Creatures
  A ball python (D:4)
1 creature vanquished.

Notes
Turn   | Place    | Note
-------+----------+-------------------------------------------
     0 | D:5      | iguanaiguana the Mummy Delver began the quest for the Orb.
     0 | D:5      | Reached XP level 1. HP: 18/18 MP: 1/1
     9 | D:5      | Noticed a phantom
    96 | D:5      | Noticed Ijyb
   110 | D:4      | Noticed a scorpion
   120 | D:4      | Slain by a scorpion

Illustrated notes

Levels and vault maps discovered:
D:4:      layout_basic, minmay_temple_entry_glass, minmay_misc_feat_cross,
          hangedman_abyss_or_decor_stabs, uniq_robin
D:5:      layout_rooms, nicolae_uskayaw_suspiria, gammafunk_ghost_hive,
          serial_rivers, chequers_serial_rivers_marsh,
          chequers_serial_rivers_room_b, chequers_serial_rivers_room_a,
          chequers_serial_rivers_micro_e, chequers_serial_rivers_micro_a,
          chequers_serial_rivers_micro_e, kennysheep_generic_room_8, uniq_ijyb

Action                     || total
---------------------------++-------
  Melee: Long sword        ||     5
         Short sword       ||     2
    Use: Scroll            ||     1
   Stab: Distracted        ||     1
 Armour: Leather armour    ||     4
  Dodge: Dodged            ||     5

Table legend: (Time is in decaauts)
 A = Elapsed time spent in this place.
 B = Non-inter-level travel time spent in this place.
 C = Inter-level travel time spent in this place.
 D = Time resting spent in this place.
 E = Time spent auto-exploring this place.
 F = Levels seen in this place.
 G = Mean time per level.
                   A        B        C        D        E       F      G
               +--------+--------+--------+--------+--------+-----+--------+
         Total |    120 |    120 |      0 |      0 |      0 |   2 |   60.0 |
       Dungeon |    120 |    120 |      0 |      0 |      0 |   2 |   60.0 |
               +--------+--------+--------+--------+--------+-----+--------+

Top non-repeatable levels by time:
     D:4: 99 daAuts
     D:5: 21 daAuts
